 Dungeon Crawl Stone Soup version 0.24-a0-269-g32ec7ca (webtiles) character file.

Game seed: 14076179053843685963

53 gruber the Firebug (level 3, -3/21 HPs)
             Began as an Octopode Fire Elementalist on Apr 22, 2019.
             Killed from afar by Natasha (6 damage)
             ... with a magic dart
             ... on level 2 of the Dungeon.
             The game lasted 00:04:10 (1998 turns).

gruber the Firebug (Octopode Fire Elementalist)     Turns: 1998, Time: 00:04:10

Health: -3/21      AC:  1    Str:  7    XL:     3   Next: 89%
Magic:  0/6        EV: 13    Int: 16    God:
Gold:   50         SH:  0    Dex: 12    Spells: 1/7 levels left

rFire    . . .     SeeInvis .   (no weapon)
rCold    . . .     Gourm    .   (no shield)
rNeg     . . .     Faith    .   l - +0 hat
rPois    .         Spirit   .   (no amulet)
rElec    .         Reflect  .   (no ring)
rCorr    .         Harm     .   g - -2 ring of intelligence (curse)
MR       .....                  (no ring)
Stlth    +++.......             (no ring)
HPRegen  0.07/turn              (no ring)
MPRegen  0.10/turn              (no ring)
                                (no ring)
                                (no ring)

@: slowed, very slow
A: almost no armour, stealthy swim, amphibious, 8 rings, constrict 8, camouflage
1, gelatinous body 1
a: no special abilities


You were on level 2 of the Dungeon.
You were hungry.

You visited 1 branch of the dungeon, and saw 2 of its levels.

You collected 50 gold pieces.

Inventory:

Armour
 l - a +0 hat (worn)
Jewellery
 d - an uncursed ring of ice
 g - a cursed -2 ring of intelligence (right tentacle)
Scrolls
 a - 6 scrolls of teleportation {unknown}
 c - 2 scrolls of enchant weapon {unknown}
 e - a scroll of enchant armour {unknown}
 f - a scroll of amnesia {unknown}
 h - a scroll of random uselessness {unknown}
 i - a scroll of magic mapping {unknown}
 j - a scroll of remove curse {unknown}
 k - a scroll of identify {unknown}
 m - a scroll of noise {unknown}
Comestibles
 b - 2 rations


   Skills:
 - Level 2.0 Dodging
 - Level 2.6 Stealth
 * Level 2.5 Spellcasting
 * Level 2.0 Conjurations
 + Level 3.8 Fire Magic


You had one spell level left.
You knew the following spells:

 Your Spells              Type           Power        Failure   Level  Hunger
a - Flame Tongue          Conj/Fire      ##...        6%          1    #......
b - Throw Flame           Conj/Fire      ##....       9%          2    ##.....
c - Conjure Flame         Conj/Fire      ##......     17%         3    ###....

Your spell library contained the following spells:

 Spells                   Type           Power        Failure   Level  Hunger
 Inner Flame              Hex/Fire       #.......     26%         3    ###....
 Sticky Flame             Conj/Fire      ##......     50%         4    #####..
 Fireball                 Conj/Fire      ##........   85%         5    ######.


Dungeon Overview and Level Annotations

Branches:
Dungeon (2/15)

Altars:

Annotations:
D:2 Jessica, Natasha


Innate Abilities, Weirdness & Mutations

You cannot wear most types of armour.
You are very stealthy in the water. (Stealth+)
You are amphibious.
You can wear up to eight rings at the same time.
You can use your tentacles to constrict eight enemies at once.
Your skin changes colour to match your surroundings (Stealth+).
Your rubbery body absorbs attacks. (AC +1, EV +1)


Message History

You tentacle-slap Natasha but do no damage.
Natasha is lightly wounded.
You constrict Natasha. Natasha claws you.
* * * LOW HITPOINT WARNING * * *
You tentacle-slap Natasha but do no damage.
Natasha is moderately wounded.
You constrict Natasha.
Jessica mumbles some strange words.
Jessica blinks!
Natasha mumbles some strange words.
Natasha extends her claws.
Natasha barely misses you.
Unknown command.
Unknown command.
You tentacle-slap Natasha. You squeeze Natasha, but do no damage.
Natasha is heavily wounded.
You constrict Natasha, but do no damage.
Natasha stares at you and mumbles some strange words.
The magic dart hits you.
You die...

#.# #.#
######.# #.#
## .......#
#.. .
########
#@#)#
#######.#.#
####
....)..ยง..#
.... #5#
#### #h# #@#
#### #5#
...# #.#
##.# #.# #.#
#.# #.# ##.#
#.# #..#
##.#######
#.##
.........#
#.#


You could see Natasha, 2 shadow imps and Jessica.

Vanquished Creatures
  An adder (D:2)
  2 worms (D:2)
  2 leopard geckos
  3 giant cockroaches
  5 hobgoblins
  7 bats
  2 frilled lizards (D:2)
  6 goblins
  3 kobolds
  7 rats
38 creatures vanquished.

Notes
Turn   | Place    | Note
-------+----------+-------------------------------------------
     0 | D:1      | gruber the Octopode Fire Elementalist began the quest for
                  | the Orb.
     0 | D:1      | Reached XP level 1. HP: 11/11 MP: 3/3
     6 | D:1      | Noticed an anaconda
     6 | D:1      | Noticed a polar bear
     7 | D:1      | Noticed a komodo dragon
   206 | D:1      | Reached XP level 2. HP: 15/17 MP: 0/5
  1193 | D:2      | Reached XP level 3. HP: 21/21 MP: 1/6
  1564 | D:2      | Learned a level 2 spell: Throw Flame
  1568 | D:2      | Learned a level 3 spell: Conjure Flame
  1986 | D:2      | Noticed Natasha
  1988 | D:2      | Noticed Jessica
  1998 | D:2      | Killed from afar by Natasha

Levels and vault maps discovered:
D:1:      onia_arrival_zoo_common, layout_basic, ebering_dispersal_statue_hall
D:2:      layout_loops_ring, first_ration, minmay_tromino_v2, uniq_natasha,
          uniq_jessica

Skill      XL: |  1  2  3 |
---------------+----------+-----
Conjurations   | 2 |  2.0
Dodging        | |  2.0
Stealth        | |  2.6
Spellcasting   | |  2.5
Fire Magic     | |  3.8

Action                   || total
-------------------------++-------
Melee: Unarmed           ||    76
       Constrict         ||    23
       Tentacles         ||    11
 Cast: Flame Tongue      ||    32
       Throw Flame       ||     2
 Stab: Sleeping          ||     5
  Eat: Chunk             ||     3
Armor: Skin              ||    14
Dodge: Dodged            ||    70

Table legend:
 A = Non-vault XP
 B = Vault XP
 C = Vault XP percentage of total XP
 D = Non-vault monster count
 E = Vault monster count
 F = Vault count percentage of total count
                 A         B        C        D         E       F
            +---------+---------+-------+---------+---------+-------
      Total |      76 |       1 |   1.3 |      37 |       1 |   2.6
            +---------+---------+-------+---------+---------+-------
        D:1 |      28 |       0 |   0.0 |      18 |       0 |   0.0
        D:2 |      48 |       1 |   2.0 |      19 |       1 |   5.0
            +---------+---------+-------+---------+---------+-------
